 Dungeon Crawl Stone Soup version 0.28-a0-895-g6e5f11bd55 (webtiles) character file.

Game seed: 11662006500751752984

289 timneilson the Covered (level 6, -2/38 HPs)
             Began as a Gargoyle Fighter on Nov 22, 2021.
             Slain by Menkaure (16 damage)
             ... on level 4 of the Dungeon.
             The game lasted 00:04:31 (4028 turns).

timneilson the Covered (Gargoyle Fighter)           Turns: 4028, Time: 00:04:31

Health: -2/38      AC: 14    Str: 19 (21) XL:     6   Next: 31%
Magic:  6/6        EV:  7    Int:  9      God:
Gold:   114        SH:  4    Dex:  8 (9)  Spells: 5/5 levels left

rFire   . . .      SeeInvis +   a - +0 long sword
rCold   . . .      Faith    .   c - +0 buckler
rNeg    + . .      Spirit   .   q - +0 chain mail
rPois   ∞          Reflect  .   (no helmet)
rElec   +          Harm     .   (no cloak)
rCorr   .          Rampage  .   (no gloves)
Will    +....                   (no boots)
Stlth   ..........              (no amulet)
HPRegen 0.12/turn               f - ring of willpower
MPRegen 0.10/turn               k - ring of see invisible

@: no status effects
A: sickness immunity, AC +4, negative energy resistance 1, electricity
resistance, torment resistance 1, petrification resistance
a: no special abilities


You were on level 4 of the Dungeon.
You visited 1 branch of the dungeon, and saw 4 of its levels.

You collected 114 gold pieces.

Inventory:

Hand Weapons
 a - a +0 long sword (weapon)
Armour
 c - a +0 buckler (worn)
 q - a +0 chain mail (worn)
Jewellery
 f - a ring of willpower (left hand)
 k - a ring of see invisible (right hand)
 m - a ring of flight
 r - a ring of ice
Scrolls
 p - a scroll of teleportation
Potions
 b - a potion of curing
 d - 2 potions of might
 e - 2 potions of flight
 h - a potion of mutation {unknown}
 i - 2 potions of attraction
 j - a potion of degeneration
 l - a potion of invisibility {unknown}
 o - a potion of cancellation {unknown}
 s - a potion of magic {unknown}


   Skills:
 + Level 4.0 Fighting
 * Level 3.2 Long Blades
 * Level 4.7 Armour
 + Level 1.4 Dodging
 * Level 4.7 Shields


You had 5 spell levels left.
You didn't know any spells.
Your spell library was empty.

Dungeon Overview and Level Annotations

Branches:
Dungeon (4/15)
 Temple: D:4-7

Altars:

Annotations:
D:4 Menkaure


Innate Abilities, Weirdness & Mutations

You are immune to sickness and miasma.
Your stone body is resilient. (AC +4)
You are immune to poison.
You resist negative energy. (rN+)
You are resistant to electric shocks. (rElec)
You are resistant to unholy torment.
You are immune to petrification.


Message History

g - a scroll labelled CEPPEI KEINWE You now have 114 gold pieces (gained 17).
Items here: )) [ †.
There is a stone staircase leading up here.
You climb upwards.
There is a stone staircase leading down here.
As you read the scroll labelled CEPPEI KEINWE, it crumbles to dust.
It is a scroll of amnesia.
You feel forgetful for a moment.
You climb downwards.
There is a stone staircase leading up here.
HP restored.
An endoplasm and Menkaure come into view.
Menkaure shouts!
The endoplasm quivers.
Menkaure calls on the powers of darkness!
The endoplasm convulses!
Your body is wracked with pain!
You barely miss the endoplasm.
The endoplasm is moderately wounded.
The endoplasm hits you but does no damage.
You block the endoplasm's attack.
You completely miss the endoplasm.
The endoplasm is moderately wounded.
The endoplasm hits you but does no damage.
You slash the endoplasm!
You kill the endoplasm!
You feel your strength returning. Menkaure hits you!
You hit Menkaure.
Menkaure is lightly damaged.
Menkaure barely misses you.
You hit Menkaure but do no damage.
Menkaure is lightly damaged.
You block Menkaure's attack.
You hit Menkaure but do no damage.
Menkaure is lightly damaged.
You barely miss Menkaure.
Menkaure is lightly damaged.
Menkaure hits you!
You die...

#.# ### #.## ..#
...# #.# #..# #)#
#..# #.# #..# #.#
#..#
#)##############@.#
#....)<.........M.#
#.###############.#
..# .# #)# .# #.#
.# #.# .#
#.######## .#
..........


You could see Menkaure.

Vanquished Creatures
  A necrophage (D:4)
  Blork the orc (D:4)
  3 gnolls
  2 adders
  A worm (D:4)
  3 dart slugs
  10 orcs
  4 ball pythons
  9 bats
  5 endoplasms
  2 giant cockroaches (D:3)
  4 goblins
  5 hobgoblins
  3 jackals
  6 quokkas
  3 frilled lizards
  8 kobolds
  2 rats
72 creatures vanquished.

Notes
Turn   | Place    | Note
-------+----------+-------------------------------------------
     0 | D:1      | timneilson the Gargoyle Fighter began the quest for the
                  | Orb.
     0 | D:1      | Reached XP level 1. HP: 14/14 MP: 1/1
   245 | D:1      | Found a faded altar of an unknown god.
   493 | D:1      | Reached XP level 2. HP: 19/19 MP: 2/2
   890 | D:2      | Reached XP level 3. HP: 11/23 MP: 3/3
  1773 | D:1      | Reached XP level 4. HP: 23/28 MP: 4/4
  3133 | D:3      | Reached XP level 5. HP: 32/33 MP: 5/5
  3416 | D:4      | Reached skill level 1 in Dodging
  3524 | D:4      | Noticed Blork the orc
  3527 | D:4      | Noticed a necrophage
  3542 | D:4      | HP: 1/33 [Blork the orc (4)]
  3548 | D:4      | HP: 2/49 [Blork the orc/puff of flame (1)]
  3550 | D:4      | Killed Blork the orc
  3557 | D:4      | Killed a necrophage
  3558 | D:4      | Reached XP level 6. HP: 3/38 MP: 6/6
  4020 | D:4      | Noticed Menkaure
  4028 | D:4      | Slain by Menkaure

Illustrated notes

Levels and vault maps discovered:
D:1:      saegor_arrival_under_anarchy, layout_loops_cross,
          dreamdust_ecumenical_altar_statues
D:2:      layout_loops_ring
D:3:      minmay_angry_zag, layout_loops_corners
D:4:      layout_loops_ring, uniq_sigmund, uniq_duvessa, uniq_blork_the_orc,
          uniq_menkaure

Skill      XL: |  1  2  3  4  5 |
---------------+----------------+-----
Long Blades    | 2 3 |  3.2
Shields        | 4 |  4.7
Armour         | 4 |  4.7
Dodging        | 1 |  1.4
Fighting       | 4 |  4.0

Action                   |  1- 3 |  4- 6 || total
-------------------------+-------+-------++-------
Melee: Long sword        |   119 |   163 ||   282
  Use: Scroll            |     2 |     4 ||     6
       Potion            |       |     4 ||     4
Armor: Scale mail        |    70 |    53 ||   123
       Chain mail        |       |    56 ||    56
Dodge: Dodged            |    68 |    75 ||   143
Block: Buckler           |    44 |    40 ||    84

Table legend: (Time is in decaauts)
 A = Elapsed time spent in this place.
 B = Non-inter-level travel time spent in this place.
 C = Inter-level travel time spent in this place.
 D = Time resting spent in this place.
 E = Time spent auto-exploring this place.
 F = Levels seen in this place.
 G = Mean time per level.
                   A        B        C        D        E       F      G
               +--------+--------+--------+--------+--------+-----+--------+
         Total |   4112 |   4001 |    111 |    689 |   2627 |   4 | 1028.0 |
       Dungeon |   4112 |   4001 |    111 |    689 |   2627 |   4 | 1028.0 |
               +--------+--------+--------+--------+--------+-----+--------+

Top non-repeatable levels by time:
     D:3: 1406 daAuts
     D:1: 1223 daAuts
     D:2: 1208 daAuts
     D:4: 274 daAuts
